 Dungeon Crawl Stone Soup version 0.18.1-48-g4cf74bf (webtiles) character file.

314 BlackOni the Skirmisher (level 6, 0/39 HPs)
             Began as a Gargoyle Fighter on Aug 22, 2016.
             Was an Initiate of Okawaru.
             Slain by Grinder (1 damage)
             ... on level 4 of the Dungeon.
             The game lasted 00:12:55 (3558 turns).

BlackOni the Skirmisher (Gargoyle Fighter)          Turns: 3558, Time: 00:12:56

Health: 0/39       AC: 15    Str: 27    XL:     6   Next: 43%
Magic:  6/6        EV:  6    Int:  8    God:    Okawaru [......]
Gold:   208        SH: 10    Dex:  9    Spells: 0 memorised, 5 levels left

rFire  . . .     SeeInvis .     a - +1 flail
rCold  . . .     Gourm    .     l - +0 chain mail
rNeg   + . .     Faith    .     c - +0 shield
rPois  ∞         Spirit   .     b - +0 helmet
rElec  +         Dismiss  .     (no cloak)
rCorr  +         Reflect  .     (no gloves)
SustAt .         Harm     .     (no boots)
MR     .....                    (no amulet)
Stlth  ..........               (no ring)
                                e - ring of resist corrosion

@: mighty, not resistant to hostile enchantments, extremely unstealthy
A: negative energy resistance 1, electricity resistance, unbreathing,
petrification resistance, rot immunity, AC +4
a: Renounce Religion


You were on level 4 of the Dungeon.
You worshipped Okawaru.
Okawaru was noncommittal.
You were not hungry.

You visited 2 branches of the dungeon, and saw 6 of its levels.

You collected 208 gold pieces.

Inventory:

Hand Weapons
 a - a +1 flail (weapon)
Armour
 b - a +0 helmet (worn)
 c - a +0 shield (worn)
 l - a +0 chain mail (worn)
Jewellery
 e - a ring of resist corrosion (left hand)
Wands
 j - a wand of disintegration (13/24)
Scrolls
 i - a scroll of fog
 n - a scroll of teleportation
 o - a scroll of identify
 p - a scroll of enchant weapon
 q - a scroll of recharging {unknown}
 r - a scroll of noise {unknown}
 s - a scroll of remove curse
Potions
 d - a potion of might
 g - 2 potions of curing
 m - a potion of brilliance
Comestibles
 f - 3 bread rations
 h - 2 slices of pizza
 k - a royal jelly


   Skills:
 + Level 4.5 Fighting
 * Level 4.5 Maces & Flails
 + Level 4.2 Armour
 + Level 4.4 Shields
 + Level 0.2 Invocations


You had 5 spell levels left.
You didn't know any spells.

Dungeon Overview and Level Annotations

Branches:
Dungeon (5/15)             Temple (1/1) D:4

Altars:
Cheibriados
Dithmenos
Elyvilon
Fedhas
Gozag
Kikubaaqudgha
Makhleb
Nemelex Xobeh
Okawaru
Pakellas
Ru
Sif Muna
Trog
Xom
Zin
The Shining One

Annotations:
D:4 Grinder


Innate Abilities, Weirdness & Mutations

You are resistant to torment.
Your stone body is resilient (AC +4).
You are immune to poison.
You resist negative energy.
You are resistant to electric shocks.
You can survive without breathing.
You are immune to petrification.
You are immune to rotting.


Message History

Deactivating autopickup; reactivate with Ctrl-A.
You block the puff of flame.
Something hits you but does no damage. x2
Things that are here:
a dagger; a robe You closely miss something.
Something hits you but does no damage.
You hear some strange, mumbled words.
A magic dart appears from out of thin air!
The magic dart hits you!
* * * LOW HITPOINT WARNING * * *
You hit something. Something hits you.
* * * LOW HITPOINT WARNING * * *
Grinder blinks!
You block something's attack.
You closely miss something.
Grinder blinks!
Something hits you but does no damage.
You closely miss something.
You hear some strange, mumbled words.
A magic dart appears from out of thin air!
The magic dart hits you! Grinder hits you.
You die...

.......#
#.###.#########
########
#.##.#.........
#.#.###.#####...
#..## ##........
###.###.#####...
##.#.## ######
##.## #..... #5#
##....( #@#
....... #{#
#.....######o##
#.....o(....#.#
......#######.##
##### ###


You could see Grinder and an orc.

Vanquished Creatures
  A giant frog zombie (D:5)
  A hound (D:3)
  2 orc wizards (D:4)
  An orc priest (D:4)
  A worker ant (D:4)
  6 adders
  An ooze (D:4)
  An adder skeleton (D:3)
  2 worms
  2 dart slugs
  2 giant geckos
  3 orcs (D:4)
  8 bats
  3 giant cockroaches
  8 goblins
  9 hobgoblins
  A ball python (D:1)
  A giant cockroach zombie (D:5)
  2 giant newts
  10 kobolds
  5 rats
70 creatures vanquished.

Notes
Turn   | Place    | Note
--------------------------------------------------------------
     0 | D:1      | BlackOni the Gargoyle Fighter began the quest for the Orb.
     0 | D:1      | Reached XP level 1. HP: 14/14 MP: 1/1
   291 | D:1      | Reached XP level 2. HP: 19/19 MP: 2/2
   986 | D:2      | Reached XP level 3. HP: 18/23 MP: 3/3
  1667 | D:2      | Found a faded altar to an unknown god.
  1776 | D:2      | Reached XP level 4. HP: 28/29 MP: 4/4
  2339 | D:4      | Reached XP level 5. HP: 25/33 MP: 5/5
  3001 | D:5      | Entered Level 5 of the Dungeon
  3082 | D:4      | Reached XP level 6. HP: 39/39 MP: 6/6
  3148 | D:4      | Found a staircase to the Ecumenical Temple.
  3180 | Temple   | Entered the Ecumenical Temple
  3221 | Temple   | Became a worshipper of Warmaster Okawaru
  3529 | D:4      | Noticed Grinder
  3533 | D:4      | Paralysed by Grinder for 6 turns
  3555 | D:4      | HP: 1/39 [something/magic dart (3)]
  3558 | D:4      | Slain by Grinder

Skill      XL: |  1  2  3  4  5 |
---------------+----------------+-----
Maces & Flails | 3 4 |  4.5
Fighting       | 4 |  4.5
Shields        | 4 |  4.4
Armour         | 4 |  4.2
Invocations    | |  0.2

Action                   |  1- 3 |  4- 6 || total
-------------------------+-------+-------++-------
Melee: Flail             |   115 |   173 ||   288
  Use: Scroll            |     6 |     2 ||     8
       Potion            |       |     1 ||     1
  Eat: Chunk             |     3 |     6 ||     9
Armor: Scale mail        |    34 |       ||    34
       Chain mail        |    29 |   117 ||   146
Dodge: Dodged            |    26 |    48 ||    74
Block: Shield            |    63 |   102 ||   165
